 Dungeon Crawl Stone Soup version 0.26-a0-858-gbf766624f9 (webtiles) character file.

Game seed: 12504583132957511981

1409 miscthings the Ogre Mage (level 8, -1/75 HPs)
             Began as an Ogre Fire Elementalist on Nov 24, 2020.
             Slain by a wight
             ... wielding a +0 halberd
              (3 damage)
             ... on level 6 of the Dungeon.
             The game lasted 00:13:41 (6455 turns).

miscthings the Ogre Mage (Ogre Fire Elementalist)   Turns: 6455, Time: 00:13:42

Health: -1/75      AC:  4    Str: 13    XL:     8   Next: 70%
Magic:  11/17      EV:  9    Int: 17    God:
Gold:   259        SH:  0    Dex: 10    Spells: 11/19 levels left

rFire    + . .     SeeInvis .   x - +0 spear (venom)
rCold    . . .     Faith    .   (no shield)
rNeg     . . .     Spirit   .   a - +0 robe
rPois    .         Reflect  .   (helmet restricted)
rElec    .         Harm     .   q - +0 cloak
rCorr    .         Rampage  .   (gloves unavailable)
MR       .....                  (boots unavailable)
Stlth    +.........             (no amulet)
HPRegen  0.22/turn              l - ring of protection from fire
MPRegen  0.15/turn              (no ring)

@: heavily drained
A: large, unfitting armour, tough skin 1
a: no special abilities


You were on level 6 of the Dungeon.
You visited 1 branch of the dungeon, and saw 6 of its levels.

You collected 259 gold pieces.

Inventory:

Hand Weapons
 m - a +1 hand axe
 x - a +0 spear of venom (weapon)
Armour
 a - a +0 robe (worn)
 q - a +0 cloak (worn)
Jewellery
 l - a ring of protection from fire (left hand)
 s - an uncursed ring of ice
 v - an uncursed ring of magical power
Wands
 t - a wand of paralysis (5)
Scrolls
 c - 3 scrolls of enchant weapon
 d - a scroll of teleportation {unknown}
 g - a scroll of magic mapping
 k - 2 scrolls of remove curse
 o - a scroll of blinking {unknown}
 p - a scroll of enchant armour {unknown}
 r - a scroll of fear {unknown}
 u - a scroll of amnesia {unknown}
 w - a scroll of immolation {unknown}
Potions
 b - a potion of berserk rage
 f - a potion of haste
 h - 2 potions of curing
 i - a potion of flight
 j - 3 potions of heal wounds
 n - 2 potions of ambrosia


   Skills:
 - Level 3.0(0.5) Fighting
 + Level 5.8(3.1) Axes
 - Level 1.7(0.0) Dodging
 - Level 1.4(0.0) Stealth
 - Level 6.0(3.3) Spellcasting
 - Level 4.0(1.4) Conjurations
 - Level 5.0(2.3) Fire Magic


You had 11 spell levels left.
You knew the following spells:

 Your Spells              Type           Power        Failure   Level
a - Foxfire               Conj/Fire      #...         8%          1
b - Conjure Flame         Conj/Fire      #.......     24%         3
f - Sticky Flame          Conj/Fire      #.......     61%         4

Your spell library contained the following spells:

 Spells                   Type           Power        Failure   Level
 Beastly Appendage        Tmut           #.....       17%         1
 Wereblood                Tmut           #.......     26%         2
 Inner Flame              Hex/Fire       #.......     30%         3
 Confusing Touch          Hex            #.......     45%         3
 Gell's Gravitas          Tloc           #.........   45%         3
 Spider Form              Tmut/Pois      #.........   45%         3
 Ice Form                 Ice/Tmut       #.......     86%         4
 Petrify                  Tmut/Erth      #.......     86%         4
 Fireball                 Conj/Fire      #.........   91%         5
 Blade Hands              Tmut           #.........   99%         5
 Metabolic Englaciation   Hex/Ice        #.........   99%         5
 Yara's Violent Unravell  Hex/Tmut       #.........   99%         5


Dungeon Overview and Level Annotations

Branches:
Dungeon (6/15)
 Temple: D:4-7

Altars:
Hepliaklqana
Kikubaaqudgha
Trog
Wu Jian

Annotations:
D:3 3 runed translucent doors, Demosthentine's ghost, amateur FoFi; iamoutofideas's ghost, amateur GnWr; kd29's ghost, amateur GrEE; mhtbhm's ghost, amateur GrEE; miscthings's ghost, amateur HOTm
D:5 1 transporter, Pikel; SolusNox's ghost, novice FoFi


Innate Abilities, Weirdness & Mutations

You are too large for most types of armour.
You have tough skin. (AC +1)


Message History

Your magical contamination has completely faded away.
You are too injured to fight recklessly!
Casting: Foxfire (safe; 8% risk of failure)
Confirm with . or Enter, or press ? or * to list all spells.
You conjure some foxfire!
Casting: Foxfire (safe; 8% risk of failure)
Confirm with . or Enter, or press ? or * to list all spells.
Nothing appears to happen.
The foxfire hits the wight.
The wight is severely damaged.
The foxfire hits the wight.
You destroy the wight!
Evoke which item? (* to show all) (? for menu, Esc to quit)
Aiming: Paralyse
Press: ? - help, Shift-Dir - straight line, f - wight
Aim: a wight, wielding a +0 halberd and wearing a +0 robe (lightly damaged, chance to defeat MR: 46%)
The wight resists with some effort.
The wight hits you from afar with a +0 halberd!
* * * LOW HITPOINT WARNING * * *
You feel drained.
You die...

#.# #.# ###.### #.#
#.....# #.#
###.#.#.###.#
#...(.......#
#.#.#.#...###
#.#<..§§.)# #
#.###§##..#########
# #.#
#@.z.)..(.....####
#.#
####...(#####.##..
#.# #(..)# #....#
#.######.(..#
#z##(.
#........##.#
#.###.
###########.#####.#
#. #...z...# #.
####.#### #. #.# #.


You could see a wight.

Vanquished Creatures
  Sigmund (D:2)
  An ice beast (D:6)
  2 ogres (D:4)
  A sky beast (D:6)
  4 lemures
  A centaur (D:6)
  A scorpion (D:4)
  7 wights (D:6)
  A centaur skeleton (D:4)
  A bullfrog skeleton (D:4)
  A bullfrog zombie (D:5)
  A hound (D:6)
  An orc wizard (D:3)
  An iguana (D:6)
  Natasha (D:2)
  2 worker ants
  A worker ant zombie (D:2)
  4 gnolls
  5 adders
  3 oozes
  An adder zombie (D:5)
  An adder skeleton (D:6)
  3 worms
  3 dart slugs
  A leopard gecko (D:4)
  6 orcs
  A ball python (D:2)
  3 giant cockroaches
  8 goblins
  10 hobgoblins
  18 jackals
  11 kobolds
  3 quokkas (D:3)
  8 bats
  4 frilled lizards
  A jackal skeleton (D:4)
  A leopard gecko skeleton (D:4)
  9 rats
132 creatures vanquished.

Vanquished Creatures (others)
  515 foxfires
  2 plants (D:3)
517 creatures vanquished.

Grand Total: 649 creatures vanquished

Notes
Turn   | Place    | Note
-------+----------+-------------------------------------------
     0 | D:1      | miscthings the Ogre Fire Elementalist began the quest for
                  | the Orb.
     0 | D:1      | Reached XP level 1. HP: 16/16 MP: 3/3
    24 | D:1      | Reached skill level 1 in Conjurations
   382 | D:1      | Reached XP level 2. HP: 19/24 MP: 1/5
  1134 | D:2      | Reached XP level 3. HP: 31/31 MP: 3/6
  1142 | D:2      | Learned a level 3 spell: Conjure Flame
  1359 | D:2      | Found an ancient bone altar of Kikubaaqudgha.
  1363 | D:2      | Reached XP level 4. HP: 39/39 MP: 1/7
  1828 | D:2      | Noticed Sigmund
  2219 | D:2      | Noticed Natasha
  2224 | D:2      | Killed Natasha
  2225 | D:2      | Reached XP level 5. HP: 44/45 MP: 3/8
  2561 | D:2      | Killed Sigmund
  2562 | D:2      | Reached skill level 3 in Spellcasting
  2562 | D:2      | Reached XP level 6. HP: 53/53 MP: 1/11
  2837 | D:3      | Found a bloodstained altar of Trog.
  3214 | D:3      | Found a runed translucent gate.
  3214 | D:3      | Found a runed translucent gate.
  3215 | D:3      | Found a runed translucent gate.
  3216 | D:3      | Noticed mhtbhm's ghost (amateur GrEE)
  3216 | D:3      | Noticed iamoutofideas's ghost (amateur GnWr)
  3217 | D:3      | Noticed Demosthentine's ghost (amateur FoFi)
  3217 | D:3      | Noticed miscthings's ghost (amateur HOTm)
  3218 | D:3      | Noticed kd29's ghost (amateur GrEE)
  3611 | D:4      | Reached skill level 4 in Spellcasting
  3611 | D:4      | Reached skill level 5 in Fire Magic
  3611 | D:4      | Reached XP level 7. HP: 12/59 MP: 5/13
  3946 | D:4      | Reached skill level 5 in Spellcasting
  4247 | D:4      | Reached skill level 6 in Spellcasting
  4360 | D:4      | Reached skill level 1 in Fighting
  4636 | D:5      | Entered Level 5 of the Dungeon
  4636 | D:5      | Noticed Pikel
  4861 | D:5      | Found an ornate altar of the Wu Jian Council.
  4901 | D:5      | Reached skill level 1 in Axes
  5511 | D:5      | Found a transporter.
  5515 | D:5      | Noticed SolusNox's ghost (novice FoFi)
  5527 | D:5      | You fall into a shaft and drop 1 floor!
  5527 | D:6      | Found a hazy altar of Hepliaklqana.
  5598 | D:6      | Reached XP level 8. HP: 42/74 MP: 12/17
  6137 | D:6      | Learned a level 4 spell: Sticky Flame
  6166 | D:6      | Reached skill level 5 in Axes
  6455 | D:6      | HP: 2/75 [wight/+0 halberd (9)]
  6455 | D:6      | Slain by a wight

Illustrated notes

Levels and vault maps discovered:
D:1:      minmay_arrival_four_loops, layout_basic
D:2:      minmay_chambers_of_ones, layout_loops_ring, old_standard_altar,
          uniq_sigmund, uniq_natasha
D:3:      layout_basic, bloody_trog, gammafunk_ghost_cemetery,
          guppyfry_early_lair_pool
D:4:      layout_basic, corner_web_ring, roderic_serpentine_path
D:5:      layout_basic, lemuel_round_altar, serial_curves, eino_curves_03,
          eino_curves_02, gammafunk_ghost_stat_death, uniq_pikel, uniq_edmund
D:6:      layout_loops_ring, basic_altar

Skill      XL: |  1  2  3  4  5  6  7  8 |
---------------+-------------------------+-----
Conjurations   | 1 2 3 4 |  4.0
Fire Magic     | 3 4 5 |  5.0
Spellcasting   | 3 4 6 |  6.0
Fighting       | 2 3 |  3.0
Axes           | 2 5 |  5.8
Dodging        | |  1.7
Stealth        | |  1.4

Action                   |  1- 3 |  4- 6 |  7- 9 || total
-------------------------+-------+-------+-------++-------
Melee: Unarmed           |    31 |       |       ||    31
       Dagger            |     1 |    43 |     8 ||    52
       Spear             |       |       |     4 ||     4
 Cast: Foxfire           |    54 |   119 |   171 ||   344
       Conjure Flame     |       |     1 |       ||     1
Evoke: Wand              |       |       |     2 ||     2
  Use: Scroll            |       |     7 |     3 ||    10
 Stab: Paralysed         |       |       |     2 ||     2
Armor: Robe              |    18 |    32 |    20 ||    70
Dodge: Dodged            |    34 |    52 |    39 ||   125

Table legend: (Time is in decaauts)
 A = Elapsed time spent in this place.
 B = Non-inter-level travel time spent in this place.
 C = Inter-level travel time spent in this place.
 D = Time resting spent in this place.
 E = Time spent auto-exploring this place.
 F = Levels seen in this place.
 G = Mean time per level.
                   A        B        C        D        E       F      G
               +--------+--------+--------+--------+--------+-----+--------+
         Total |   6456 |   6302 |    154 |   2400 |   2528 |   6 | 1076.0 |
       Dungeon |   6456 |   6302 |    154 |   2400 |   2528 |   6 | 1076.0 |
               +--------+--------+--------+--------+--------+-----+--------+

Top non-repeatable levels by time:
     D:1: 1448 daAuts
     D:4: 1400 daAuts
     D:2: 1361 daAuts
     D:6: 925 daAuts
     D:3: 764 daAuts
     D:5: 556 daAuts
